cohdb
Replays
Latest Replays
All Replays
Popular Replays
Top Player Replays
Match Explorer
How It Works
Community
CoH3 Stats
Reddit
Sign in to upload your games and track your stats! →
Sign in with Steam
Match 43395157
Unlisted
Match 43395157
Overview
Messages
Build Orders
End
Construct Infanterie Kompanie
Pioneer Squad
MG 42 Machine Gun Team
MG 42 Machine Gun Team
Grenadier Squad
Grenadier Squad
Medical Station
Construct Panzergrenadier Kompanie
Pak 40 Anti-tank Gun Team
Support Elements
Pak 40 Anti-tank Gun Team
Selects Mechanized Battlegroup
Selects Raid Package
Panzergrenadier Officer Quarters
Panzergrenadier Squad
StuG III G Assault Gun
Side Skirts
Infanterie Officer Quarters
Selects 8 Rad Armored Car
Selects UNKNOWN (2160084)
8 Rad Armored Car
Pak 40 Anti-tank Gun Team
Pak 40 Anti-tank Gun Team
AI Takeover
austinZeroThree
khashayar-am
Bran
DrewP
0
0
Comments
sign in to comment!
No comments posted yet!